 Dungeon Crawl Stone Soup version 0.29-a0-187-ga23d9638d5 (webtiles) character file.

Game seed: 5174575838984419993

4 cyrus the Skirmisher (level 1, 0/18 HPs)
             Began as a Merfolk Fighter on Feb 21, 2022.
             Slain by an endoplasm (1 damage)
             ... on level 1 of the Dungeon.
             The game lasted 00:00:27 (216 turns).

cyrus the Skirmisher (Merfolk Fighter)               Turns: 216, Time: 00:00:30

Health: 0/18       AC:  6    Str: 16    XL:     1   Next: 60%
Magic:  1/1        EV:  8    Int:  7    God:
Gold:   11         SH:  4    Dex: 13    Spells: 0/0 levels left

rFire   . . .      SeeInvis .   a - +0 trident
rCold   . . .      Faith    .   c - +0 buckler
rNeg    . . .      Spirit   .   b - +0 scale mail
rPois   .          Reflect  .   (no helmet)
rElec   .          Harm     .   (no cloak)
rCorr   .          Rampage  .   (no gloves)
Will    .....                   (no boots)
Stlth   ..........              (no amulet)
HPRegen 0.06/turn               (no ring)
MPRegen 0.07/turn               (no ring)

@: no status effects
A: (nimble swimmer 2), mertail
a: no special abilities


You were on level 1 of the Dungeon.
You visited 1 branch of the dungeon, and saw 1 of its levels.

You collected 11 gold pieces.

Inventory:

Hand Weapons
 a - a +0 trident (weapon)
Armour
 b - a +0 scale mail (worn)
 c - a +0 buckler (worn)
Scrolls
 e - a scroll of fear {unknown}
Potions
 d - a potion of might


   Skills:
 + Level 3.3 Fighting
 + Level 2.7 Polearms
 + Level 2.2 Armour
 + Level 3.2 Shields


You couldn't memorise any spells.
You didn't know any spells.
Your spell library was empty.

Dungeon Overview and Level Annotations

Branches:
Dungeon (1/15)

Altars:


Innate Abilities, Weirdness & Mutations

((You are very nimble when in or above water. (Stealth+, EV+, Speed+++)))
Your lower body shifts to a powerful aquatic tail in water.


Message History

The bat barely misses you. The bat hits you but does no damage.
The frilled lizard bites you but does no damage.
You block the bat's attack.
You see here 11 gold pieces.
You closely miss the frilled lizard. The bat hits you but does no damage.
You block the bat's attack.
The frilled lizard bites you but does no damage.
The bat hits you but does no damage.
The frilled lizard bites you but does no damage.
You block the bat's attack. The bat hits you.
You block the frilled lizard's attack. The bat hits you but does no damage.
The bat hits you. The bat completely misses you.
The frilled lizard barely misses you.
The bat hits you but does no damage. x2; You block the hobgoblin's attack.
The bat hits you but does no damage. The bat barely misses you.
The frilled lizard barely misses you. The bat hits you but does no damage.
The hobgoblin barely misses you. The bat hits you but does no damage.
You block the bat's attack. The bat hits you but does no damage. x2
An endoplasm comes into view.
The bat closely misses you. You block the bat's attack.
The bat hits you but does no damage. The bat barely misses you.
The bat hits you but does no damage. The bat hits you but does no damage.
The bat barely misses you. The endoplasm freezes you.
You are frozen.
* * * LOW HITPOINT WARNING * * *
You hit the endoplasm but do no damage. You block the bat's attack.
The bat hits you but does no damage. The endoplasm freezes you.
You are frozen.
* * * LOW HITPOINT WARNING * * *
You hit the endoplasm.
The endoplasm is severely wounded.
The bat hits you.
* * * LOW HITPOINT WARNING * * *
The frilled lizard bites you.
* * * LOW HITPOINT WARNING * * *
The endoplasm hits you.
You die...

.....# .# .#.### #
#.. ...# #.# ##.#
#.# ##.# #.# ...#
#.# #### ##.## #
##########...## #
#...J@lJg.....## #
....###.bb.....$.#
# # #.###.....## #
#.# ##....# . #.#
##.#.# #
#.#######.###
#...........#
#.#######.#.#
#.#.#


You could see 2 endoplasms, a hobgoblin, 2 bats and a frilled lizard.

Vanquished Creatures
  A dart slug (D:1)
  A goblin (D:1)
2 creatures vanquished.

Notes
Turn   | Place    | Note
-------+----------+-------------------------------------------
     0 | D:1      | cyrus the Merfolk Fighter began the quest for the Orb.
     0 | D:1      | Reached XP level 1. HP: 18/18 MP: 1/1
   216 | D:1      | Slain by an endoplasm

Illustrated notes

Levels and vault maps discovered:
D:1:      roderic_chinese_lattice_arrival, layout_loops_ring,
          serial_bayou_pond_e

Action                   || total
-------------------------++-------
Melee: Trident           ||    12
Armor: Scale mail        ||    40
Dodge: Dodged            ||    35
Block: Buckler           ||    17

Table legend: (Time is in decaauts)
 A = Elapsed time spent in this place.
 B = Non-inter-level travel time spent in this place.
 C = Inter-level travel time spent in this place.
 D = Time resting spent in this place.
 E = Time spent auto-exploring this place.
 F = Levels seen in this place.
 G = Mean time per level.
                   A        B        C        D        E       F      G
               +--------+--------+--------+--------+--------+-----+--------+
         Total |    217 |    217 |      0 |      0 |    126 |   1 |  217.0 |
       Dungeon |    217 |    217 |      0 |      0 |    126 |   1 |  217.0 |
               +--------+--------+--------+--------+--------+-----+--------+

Top non-repeatable levels by time:
     D:1: 217 daAuts
